 Dungeon Crawl Stone Soup version 0.18.1-50-g88ac8fd (console) character file.

1172 Kloppie the Shield-Bearer (level 8, -4/67 HPs)
             Began as a Formicid Fighter on Sept 15, 2016.
             Was a Believer of Okawaru.
             Slain by a slime creature (8 damage)
             ... on level 6 of the Dungeon.
             The game lasted 00:09:45 (6803 turns).

Kloppie the Shield-Bearer (Formicid Fighter)        Turns: 6803, Time: 00:09:45

Health: -4/67      AC: 12    Str: 22    XL:     8   Next: 68%
Magic:  8/8        EV:  9    Int:  7    God:    Okawaru [**....]
Gold:   382        SH:  0    Dex: 12    Spells: 0 memorised, 7 levels left

rFire  . . .     SeeInvis +     a - +0 flail (holy)
rCold  . . .     Gourm    .     b - +1 scale mail
rNeg   . . .     Faith    .     c - +0 shield
rPois  .         Spirit   .     (helmet unavailable)
rElec  .         Dismiss  .     (no cloak)
rCorr  .         Reflect  .     (no gloves)
SustAt .         Harm     .     (no boots)
MR     .....                    (no amulet)
Stlth  ..........               (no ring)
                                i - +5 ring of protection

@: confused, not resistant to hostile enchantments, extremely unstealthy
A: permanent stasis, dig shafts and tunnels, four strong arms, antennae 3
a: Dig, Shaft Self, Heroism, Renounce Religion


You were on level 6 of the Dungeon.
You worshipped Okawaru.
Okawaru was pleased with you.
You were very hungry.

You visited 1 branch of the dungeon, and saw 7 of its levels.

You collected 382 gold pieces.

Inventory:

Hand Weapons
 a - a +0 flail of holy wrath (weapon)
 r - a +0 flail
Armour
 b - a +1 scale mail (worn)
 c - a +0 shield (worn)
 B - a +0 large shield
Jewellery
 i - a +5 ring of protection (left hand)
 k - an uncursed amulet of guardian spirit {unknown}
Wands
 g - a wand of polymorph (15/24)
 w - a wand of slowing (38/48)
 z - a wand of random effects (28/48)
Scrolls
 o - a scroll of remove curse
 y - a scroll of enchant armour
Potions
 j - a potion of degeneration
 m - a potion of cure mutation
 n - 2 potions of cancellation {unknown}
 p - 2 potions of resistance
 q - 3 potions of brilliance
 u - 3 potions of curing {unknown}
 x - a potion of haste {unknown}
 A - a potion of flight {unknown}
Comestibles
 f - 4 bread rations
 h - 2 meat rations
 l - a fruit
 s - a slice of pizza
 C - a royal jelly


   Skills:
 + Level 7.2 Fighting
 + Level 5.7 Maces & Flails
 - Level 3.2 Armour
 + Level 7.6 Shields


You had 7 spell levels left.
You didn't know any spells.

Dungeon Overview and Level Annotations

Branches:
Dungeon (7/15)             Temple (0/1) D:4

Altars:
Cheibriados
Elyvilon
Gozag
Kikubaaqudgha
Okawaru
Qazlal
Trog
Xom
The Shining One

Annotations:
D:7 Dowan, Duvessa


Innate Abilities, Weirdness & Mutations

You are under a permanent stasis effect.
You can dig through walls and to a lower floor.
Your four strong arms can wield two-handed weapons with a shield.
You have a pair of large antennae on your head (SInv).


Message History

The slime creature is almost dead.
The slime creature hits you!
* * * LOW HITPOINT WARNING * * *
The slime creature hits you.
* * * LOW HITPOINT WARNING * * *
The slime creature misses you.
Drink which item? (? for menu, Esc to quit)
You are confused.
You feel invigorated. The slime creature hits you!
* * * LOW HITPOINT WARNING * * *
The slime creature hits you.
* * * LOW HITPOINT WARNING * * *
The slime creature barely misses you. The slime creature hits you!
* * * LOW HITPOINT WARNING * * *
The slime creature barely misses you.
You closely miss the slime creature. The slime creature hits you!
* * * LOW HITPOINT WARNING * * *
The slime creature hits you!
You die...

###################
..............>...#
###########....JJ.#
#.....@.#######
######
#.............#
###....#
#......######.#
.##....#
#......######.#
.##....#
#......'......#
†''....#
#....?.#.######
.##....#
#....).#...#
.##..###
#......#.#.# ####.#
#......#.#.####


You could see 2 slime creatures.

Vanquished Creatures
  Sigmund (D:5)
  A water moccasin (D:7)
  A centaur (D:5)
  An ogre (D:4)
  A giant frog (D:6)
  A scorpion (D:6)
  3 crimson imps
  A jelly (D:6)
  A hound (D:6)
  4 orc wizards
  An orc priest (D:5)
  A giant frog skeleton (D:5)
  Jessica (D:3)
  2 worker ants (D:4)
  A worker ant zombie (D:6)
  6 adders
  5 gnolls
  3 worms
  2 dart slugs
  A giant gecko (D:6)
  20 orcs
  5 giant cockroaches
  8 goblins
  4 hobgoblins
  2 jackals (D:5)
  7 kobolds
  A ball python (D:5)
  10 bats
  A giant cockroach zombie (D:5)
  3 giant newts
  A quokka zombie (D:6)
  4 rats
104 creatures vanquished.

Notes
Turn   | Place    | Note
--------------------------------------------------------------
     0 | D:1      | Kloppie the Formicid Fighter began the quest for the Orb.
     0 | D:1      | Reached XP level 1. HP: 18/18 MP: 1/1
   196 | D:1      | Reached XP level 2. HP: 22/24 MP: 2/2
   539 | D:1      | Reached XP level 3. HP: 30/30 MP: 3/3
  1017 | D:1      | Reached XP level 4. HP: 14/37 MP: 4/4
  1898 | D:2      | Found a white marble altar of Elyvilon.
  2321 | D:3      | Found an iron altar of Okawaru.
  2676 | D:3      | Found an opulent altar of Gozag.
  2676 | D:3      | Noticed Jessica
  2680 | D:3      | Killed Jessica
  2680 | D:3      | Reached XP level 5. HP: 39/43 MP: 5/5
  2732 | D:3      | Reached skill level 5 in Shields
  3211 | D:3      | Reached skill level 5 in Fighting
  3211 | D:3      | Reached XP level 6. HP: 43/51 MP: 6/6
  3313 | D:3      | Found a snail-covered altar of Cheibriados.
  3637 | D:3      | Became a worshipper of Warmaster Okawaru
  4024 | D:4      | Found a staircase to the Ecumenical Temple.
  4306 | D:4      | Found a bloodstained altar of Trog.
  4388 | D:4      | Noticed an ogre
  4393 | D:4      | Killed an ogre
  4393 | D:4      | Reached XP level 7. HP: 57/57 MP: 7/7
  4687 | D:5      | Entered Level 5 of the Dungeon
  4810 | D:5      | Found a glowing golden altar of the Shining One.
  4986 | D:5      | Noticed Sigmund
  5019 | D:5      | Killed Sigmund
  5019 | D:5      | Reached * piety under Okawaru
  5201 | D:5      | Reached XP level 8. HP: 65/65 MP: 8/8
  5359 | D:5      | Found an ancient bone altar of Kikubaaqudgha.
  5400 | D:5      | Found a shimmering altar of Xom.
  5742 | D:5      | Reached skill level 5 in Maces & Flails
  6112 | D:6      | Found a stormy altar of Qazlal.
  6391 | D:7      | HP: 3/67 [water moccasin (4)]
  6395 | D:7      | Reached ** piety under Okawaru
  6619 | D:7      | Noticed a slime creature
  6619 | D:7      | Noticed a slime creature
  6620 | D:7      | Noticed a slime creature
  6620 | D:7      | Noticed a slime creature
  6621 | D:7      | Noticed Dowan
  6621 | D:7      | Noticed a slime creature
  6624 | D:7      | Noticed Duvessa
  6801 | D:6      | HP: 1/67 [slime creature (15)]
  6803 | D:6      | Slain by a slime creature

Skill      XL: |  1  2  3  4  5  6  7  8 |
---------------+-------------------------+-----
Shields        | 4 5 6 7 |  7.6
Fighting       | 4 5 6 7 |  7.2
Maces & Flails | 3 4 5 |  5.7
Armour         | |  3.2

Action                   |  1- 3 |  4- 6 |  7- 9 || total
-------------------------+-------+-------+-------++-------
Melee: Flail             |    78 |   203 |   209 ||   490
Invok: Heroism           |       |       |     1 ||     1
  Use: Potion            |     1 |     1 |     5 ||     7
       Scroll            |       |       |    14 ||    14
  Eat: Chunk             |       |    10 |     8 ||    18
Armor: Scale mail        |    43 |    55 |   109 ||   207
Dodge: Dodged            |    25 |    54 |    70 ||   149
Block: Shield            |    45 |   112 |   137 ||   294
